 Dungeon Crawl Stone Soup version 0.26-a0-852-g6321bf7485 (webtiles) character file.

Game seed: 16025505411327596968

31787 robertstho the Cleaver (level 13, -2/126 HPs)
             Began as a Deep Dwarf Berserker on Nov 21, 2020.
             Was a High Priest of Trog.
             Slain by an entropy weaver
             ... wielding a +0 trident of protection
              (15 damage)
             ... on level 4 of the Lair of Beasts.
             The game lasted 00:21:57 (9408 turns).

robertstho the Cleaver (Deep Dwarf Berserker)       Turns: 9408, Time: 00:21:58

Health: -2/126     AC: -4    Str: 26    XL:     13   Next: 27%
Magic:  10/10      EV:  8    Int:  8    God:    Trog [*****.]
Gold:   1055       SH: 11    Dex: 12    Spells: 12/12 levels left

rFire    . . .     SeeInvis +   D - +4 war axe (vamp)
rCold    . . .     Faith    .   H - +0 kite shield
rNeg     . . .     Spirit   .   o - +0 plate armour
rPois    .         Reflect  .   a - +0 helmet
rElec    .         Harm     .   r - +0 cloak
rCorr    .         Rampage  .   F - +1 pair of gloves
MR       +++..                  I - +0 pair of boots
Stlth    ..........             (no amulet)
HPRegen  1.00/turn              w - ring of see invisible
MPRegen  0.12/turn              (no ring)

@: lethally poisoned (-2 -> -2), corroded, berserk cooldown, non-regenerating,
slowed, very slow
A: damage resistance, heal wounds, sense surroundings 2, no regeneration
a: Heal Wounds, Berserk, Trog's Hand, Brothers in Arms, Renounce Religion


You were on level 4 of the Lair of Beasts.
You worshipped Trog.
Trog was extremely pleased with you.
You visited 2 branches of the dungeon, and saw 14 of its levels.
You also visited: Bailey.

You collected 1185 gold pieces.
You spent 130 gold pieces at shops.

Inventory:

Hand Weapons
 u - a +5 war axe of flaming
 D - a +4 vampiric war axe (weapon)
 J - a +2 double sword of pain
Missiles
 y - 68 poisoned darts (quivered)
 G - 5 throwing nets
Armour
 a - a +0 helmet (worn)
 o - a +0 plate armour (worn)
 r - a +0 cloak (worn)
 F - a +1 pair of gloves (worn)
 H - a +0 kite shield (worn)
 I - a +0 pair of boots (worn)
Jewellery
 w - a ring of see invisible (left hand)
Wands
 b - a wand of digging (4)
 m - a wand of paralysis (9)
 x - a wand of iceblast (7)
 A - a wand of acid (39)
 B - a wand of disintegration (26)
Scrolls
 i - 8 scrolls of teleportation
 j - 2 scrolls of enchant weapon {unknown}
 k - 2 scrolls of blinking {unknown}
 n - 2 scrolls of immolation
 s - 8 scrolls of remove curse
 C - a scroll of brand weapon {unknown}
 E - a scroll of enchant armour
 K - 2 scrolls of fog
Potions
 c - 5 potions of heal wounds {unknown}
 e - 2 potions of lignification {unknown}
 f - 4 potions of mutation
 g - 3 potions of attraction
 h - 2 potions of invisibility
 l - a potion of magic
 p - a potion of resistance
 q - a potion of might
 t - 4 potions of cancellation
 v - 5 potions of curing
 z - a potion of haste
Miscellaneous
 d - a tin of tremorstones (2/2)


   Skills:
 * Level 10.8 Fighting
 + Level 14.9 Axes
 * Level 13.2 Armour
 + Level 3.9 Dodging
 + Level 2.0 Stealth
 + Level 7.1 Shields


You had 12 spell levels left.
You didn't know any spells.
Your spell library was empty.

Dungeon Overview and Level Annotations

Branches:
Dungeon (11/15)            Temple (0/1) D:6            Lair (2/6) D:10
  Snake (0/4) Lair:4          Orc (0/2) D:10         Bailey (visited)
  Swamp: Lair:2-4    Shoals: Lair:2-4

Altars:
Ashenzari
Dithmenos
Trog

Shops:
D:4 (   D:8 (

Annotations:
D:6 electric eels
D:9 2 transporters


Innate Abilities, Weirdness & Mutations

You are resistant to damage.
You can heal yourself by infusing magical energy.
You passively map the area around you.
You do not regenerate.


Message History

The entropy weaver hits you with a +0 trident of protection!
* * * LOW HITPOINT WARNING * * *
You block the entropy weaver's attack.
You feel much better.
The entropy weaver hits you with a +0 trident of protection!
* * * LOW HITPOINT WARNING * * *
The entropy weaver hits you with a +0 trident of protection!!
* * * LOW HITPOINT WARNING * * *
The entropy weaver hits you but does no damage.
The entropy weaver hits you with a +0 trident of protection.
Your magical essence is drained by the effort!
You feel much better.
The entropy weaver hits you with a +0 trident of protection.
The entropy weaver barely misses you. You block the entropy weaver's attack.
The entropy weaver hits you with a +0 trident of protection! x2
* * * LOW HITPOINT WARNING * * *
The entropy weaver hits you with a +0 trident of protection!
* * * LOW HITPOINT WARNING * * *
The entropy weaver hits you with a +0 trident of protection!!
You die...

, ... , ,, #(#≈≈...>.. ,
, #.#### ###.#≈≈≈.....≈
, ###..#.##.#.##≈≈≈..≈..
, *
##..#.##..#.###.≈≈≈P..≈
,
#.........†#.#...≈≈≈≈≈≈
,
.#..#.#.####†.####.≈≈≈≈≈
#....,##..#.#.# #≈.≈.≈P
......##..##†## ###..#.
* ,#....@†.#.#.## #.#...
* ,*#.$.B.##.#...#
#####. ?...#..#.#..#..##
##. ** *#..
###*.#.##...# #.. * .* *
,*###.#...# ####P. ,* ,*
##...###.##.. , *
###............ , ,
................ ,
................


You could see an entropy weaver.

Vanquished Creatures
  An entropy weaver (Lair:4)
  Snorg (D:10)
  Josephine (D:10)
  Harold (D:7)
  A hydra (Lair:4)
  A boulder beetle (D:11)
  A queen ant (Lair:4)
  4 two-headed ogres
  Nergalle (D:11)
  An ugly thing (D:11)
  3 elephants (Lair:2)
  A guardian serpent (D:10)
  3 black mambas (Lair:4)
  5 cane toads
  2 gargoyles (D:10)
  A kobold demonologist (D:8)
  4 komodo dragons
  A troll (D:11)
  A polar bear (Lair:2)
  Prince Ribbit (D:8)
  8 blink frogs
  A shadow (D:11)
  3 wyverns
  7 wraiths
  3 basilisks
  27 yaks
  2 nagas (Lair:4)
  6 soldier ants (Lair:4)
  A swamp worm (Lair:2)
  7 water moccasins
  10 orc warriors
  3 sky beasts
  3 ice beasts
  3 phantoms
  An eye of draining (D:10)
  2 black bears (D:7)
  8 ogres
  6 centaurs
  A necrophage (D:11)
  2 big kobolds
  11 bullfrogs
  5 scorpions
  10 wights
  6 howler monkeys
  A bullfrog zombie (D:10)
  A quasit (D:9)
  3 hounds
  4 jellies
  Crazy Yiuf (D:2)
  2 orc priests
  13 orc wizards
  3 bullfrog skeletons
  6 centaur skeletons
  Jessica (D:2)
  6 iguanas
  24 worker ants
  A killer bee zombie (D:7)
  A hound zombie (D:11)
  3 hound skeletons
  A worker ant zombie (D:7)
  A gnoll (Bailey)
  10 adders
  A shadow imp (D:8)
  7 white imps
  5 ufetubi
  2 worms
  3 dart slugs
  7 leopard geckos
  43 orcs
  10 bats
  4 giant cockroaches
  13 goblins
  16 hobgoblins
  2 jackals (D:11)
  16 kobolds
  4 quokkas
  3 ball pythons
  5 frilled lizards
  A leopard gecko skeleton (D:7)
  A quokka skeleton (D:2)
  7 rats
403 creatures vanquished.

Vanquished Creatures (collateral kills)
  A two-headed ogre (D:9)
  A yak (D:9)
  A bullfrog (D:9)
  An orc priest (D:9)
  2 orcs (D:9)
6 creatures vanquished.

Vanquished Creatures (others)
  4 fungi
  19 plants
23 creatures vanquished.

Grand Total: 432 creatures vanquished

Notes
Turn   | Place    | Note
-------+----------+-------------------------------------------
     0 | D:1      | robertstho the Deep Dwarf Berserker began the quest for the
                  | Orb.
     0 | D:1      | Reached XP level 1. HP: 20/20 MP: 1/1
    58 | D:1      | Reached XP level 2. HP: 27/27 MP: 2/2
   312 | D:1      | Reached ** piety under Trog
   344 | D:1      | Reached XP level 3. HP: 27/34 MP: 3/3
   811 | D:2      | Noticed Jessica
   819 | D:2      | Killed Jessica
   820 | D:2      | Reached skill level 4 in Axes
   820 | D:2      | Reached XP level 4. HP: 28/42 MP: 4/4
   938 | D:2      | Noticed an ogre
   951 | D:2      | Killed an ogre
   952 | D:2      | Reached XP level 5. HP: 50/50 MP: 5/5
   954 | D:2      | Reached skill level 5 in Axes
  1185 | D:2      | Found a runed translucent door.
  1186 | D:2      | Noticed Crazy Yiuf
  1196 | D:2      | Killed Crazy Yiuf
  1511 | D:3      | Reached *** piety under Trog
  1587 | D:3      | Found a shadowy altar of Dithmenos.
  1596 | D:3      | Reached XP level 6. HP: 42/57 MP: 6/6
  2005 | D:4      | Reached skill level 6 in Axes
  2399 | D:4      | Reached XP level 7. HP: 64/64 MP: 7/7
  2451 | D:4      | Found Veenok Qesy's Antique Weapon Shop.
  2471 | D:4      | Bought a runed war axe for 130 gold pieces
  2820 | D:5      | Entered Level 5 of the Dungeon
  2825 | D:5      | Reached skill level 5 in Armour
  3009 | D:5      | Reached skill level 7 in Axes
  3019 | D:5      | Reached XP level 8. HP: 70/73 MP: 8/8
  3542 | D:6      | Found a staircase to the Ecumenical Temple.
  3583 | D:6      | Reached skill level 5 in Fighting
  3681 | D:6      | Reached skill level 8 in Axes
  3693 | D:6      | Reached **** piety under Trog
  4379 | D:7      | Reached skill level 9 in Axes
  4388 | D:7      | Gained mutation: You passively map the area around you.
                  | [Deep Dwarf growth]
  4388 | D:7      | Reached XP level 9. HP: 38/81 MP: 9/9
  4511 | D:7      | Found a broken altar of Ashenzari.
  4511 | D:7      | Found a shadowy altar of Dithmenos.
  4511 | D:7      | Found a bloodstained altar of Trog.
  4520 | D:7      | Noticed Harold
  4537 | D:7      | Killed Harold
  4538 | D:7      | Reached skill level 10 in Axes
  5158 | D:8      | Noticed a kobold demonologist
  5170 | D:8      | Noticed Prince Ribbit
  5175 | D:8      | Killed Prince Ribbit
  5176 | D:8      | Reached XP level 10. HP: 92/92 MP: 9/9
  5311 | D:8      | Reached skill level 1 in Shields
  5355 | D:8      | Found Tom Xeabb's Weapon Shoppe.
  5731 | D:9      | Found the +10 Black Knight's barding {ponderous, rPois rN+}
  5732 | D:9      | Noticed a two-headed ogre
  5737 | D:9      | Reached skill level 10 in Armour
  5753 | D:9      | Killed a two-headed ogre
  5754 | D:9      | Reached skill level 1 in Stealth
  5788 | D:9      | Found a transporter.
  5791 | D:9      | Reached ***** piety under Trog
  5793 | D:9      | Noticed a death knight
  5800 | D:9      | Noticed a two-headed ogre
  5830 | D:9      | Reached skill level 11 in Axes
  5834 | D:9      | Killed a two-headed ogre
  5896 | D:9      | Found a flagged portal.
  5931 | Bailey   | Entered a bailey
  6158 | D:9      | Noticed a two-headed ogre
  6173 | D:9      | Killed a two-headed ogre
  6209 | D:9      | Reached XP level 11. HP: 92/102 MP: 9/9
  6296 | D:9      | Found a transporter.
  6394 | D:10     | Entered Level 10 of the Dungeon
  6457 | D:10     | Noticed Josephine
  6468 | D:10     | Killed Josephine
  6469 | D:10     | Reached skill level 12 in Axes
  6567 | D:10     | Found a staircase to the Orcish Mines.
  6589 | D:10     | Noticed a two-headed ogre
  6597 | D:10     | Killed a two-headed ogre
  6598 | D:10     | Reached skill level 5 in Shields
  6799 | D:10     | Noticed a two-headed ogre
  6803 | D:10     | Noticed Snorg
  6812 | D:10     | Killed a two-headed ogre
  6824 | D:10     | Killed Snorg
  7001 | D:10     | Found a staircase to the Lair.
  7446 | D:11     | Noticed Nergalle
  7465 | D:11     | Killed Nergalle
  7466 | D:11     | Reached skill level 13 in Axes
  7582 | D:11     | Noticed a cyan ugly thing
  7593 | D:11     | Killed a cyan ugly thing
  7594 | D:11     | Reached XP level 12. HP: 108/114 MP: 10/10
  7599 | D:11     | Noticed a boulder beetle
  7613 | D:11     | Received a gift from Trog
  7625 | D:11     | Killed a boulder beetle
  8262 | Lair:1   | Entered Level 1 of the Lair of Beasts
  8440 | Lair:1   | Reached skill level 14 in Axes
  8446 | Lair:1   | You fall into a shaft and drop 1 floor!
  8462 | Lair:2   | Reached skill level 10 in Fighting
  8987 | Lair:2   | You fall into a shaft and drop 2 floors!
  8992 | Lair:4   | Found a staircase to the Snake Pit.
  9120 | Lair:4   | Reached XP level 13. HP: 124/124 MP: 11/11
  9180 | Lair:4   | Received a gift from Trog
  9347 | Lair:4   | Reached ****** piety under Trog
  9350 | Lair:4   | Noticed an entropy weaver
  9350 | Lair:4   | Noticed an entropy weaver
  9394 | Lair:4   | Killed an entropy weaver
  9408 | Lair:4   | Slain by an entropy weaver

Illustrated notes

Levels and vault maps discovered:
D:1:      dpeg_arrival_tiny_d, layout_basic
D:2:      layout_rooms, minmay_fractal_squares_5, uniq_jessica,
          uniq_crazy_yiuf_cottage
D:3:      layout_basic, grunt_dithmenos_smoke_and_mirrors,
          minmay_misc_feat_more_columns
D:4:      layout_basic, serial_shops, nicolae_shop_overgrown_old_shop,
          hangedman_abyss_or_decor_jellyfish_corner
D:5:      layout_basic, grunt_decor_fettered, minmay_manual_mares
D:6:      layout_loops_ring, minmay_temple_entry_trees, nicolae_lava_and_water,
          serial_bayou_crossing
D:7:      minmay_the_grid_octo_tiled_squarecenter
          [minmay_the_grid_octo_checkerflower, minmay_the_grid_octo_fan_narrow,
          minmay_the_grid_octo_thin_diamonds,
          minmay_the_grid_octo_vomiting_pacman,
          minmay_the_grid_square_5x5_megaprize_hollow,
          minmay_the_grid_square_5x5_hourglass,
          minmay_the_grid_square_5x5_minivault,
          minmay_the_grid_square_5x5_tri_point,
          minmay_the_grid_square_5x5_checkered_sparse], layout_loops_ring,
          uniq_harold
D:8:      layout_loops_ring, serial_shops, shop_fountains, uniq_prince_ribbit1
D:9:      gammafunk_the_bubble [the_bubble_gammafunk_grid], layout_rooms,
          enter_bailey_4
D:10:     minmay_s_stair_smasher, layout_basic, dpeg_oklobed_lair,
          nrook_guardian_serpent_ordinary, uniq_snorg, uniq_josephine
D:11:     layout_irregular_city, uniq_nergalle
Lair:1:   layout_small_grid
Lair:2:   statuecave_lemuel, layout_regular_city,
          nicolae_swamp_entry_splash_gauntlet, grunt_forest_small_clearing_treed
Lair:4:   layout_hall_layers, guppyfry_snake_entry_island,
          minmay_another_anthill, serial_bayou_shore_b

Skill      XL: |  1  2  3  4  5  6  7  8  9 10 11 12 13 |
---------------+----------------------------------------+-----
Fighting       | 3 4 5 6 7 9 10 | 10.8
Axes           | 4 5 6 7 9 10 11 13 14 | 14.9
Armour         | 3 4 5 7 9 11 12 13 | 13.2
Dodging        | 3 |  3.9
Shields        | 4 5 6 7 |  7.1
Stealth        | 1 2 |  2.0

Action                   |  1- 3 |  4- 6 |  7- 9 | 10-12 | 13-15 || total
-------------------------+-------+-------+-------+-------+-------++-------
Melee: Hand axe          |   113 |   173 |    11 |       |       ||   297
       War axe           |       |       |   244 |   709 |   129 ||  1082
Invok: Berserk           |       |     6 |     2 |     8 |     1 ||    17
       Trog's Hand       |       |     4 |     4 |     1 |     1 ||    10
       Brothers in Arms  |       |       |       |     2 |       ||     2
 Abil: Heal Wounds       |       |       |     1 |     1 |     2 ||     4
  Use: Scroll            |       |     2 |     9 |    11 |       ||    22
       Potion            |       |       |       |     1 |       ||     1
Armor: Chain mail        |    75 |    84 |   141 |     8 |       ||   308
       Plate armour      |       |       |       |   425 |    82 ||   507
Dodge: Dodged            |    70 |    71 |   129 |   219 |    40 ||   529
Block: Kite shield       |       |       |     4 |   431 |    84 ||   519

Table legend: (Time is in decaauts)
 A = Elapsed time spent in this place.
 B = Non-inter-level travel time spent in this place.
 C = Inter-level travel time spent in this place.
 D = Time resting spent in this place.
 E = Time spent auto-exploring this place.
 F = Levels seen in this place.
 G = Mean time per level.
                   A        B        C        D        E       F      G
               +--------+--------+--------+--------+--------+-----+--------+
         Total |   9556 |   9030 |    526 |    236 |   5886 |  15 |  637.1 |
       Dungeon |   8274 |   7748 |    526 |    217 |   5192 |  11 |  752.2 |
          Lair |   1093 |   1093 |      0 |      0 |    691 |   3 |  364.3 |
        Bailey |    188 |    188 |      0 |     19 |      3 |   1 |  188.0 |
               +--------+--------+--------+--------+--------+-----+--------+

Top non-repeatable levels by time:
    D:10: 1086 daAuts
     D:7: 956 daAuts
     D:4: 874 daAuts
     D:6: 862 daAuts
     D:1: 835 daAuts
    D:11: 804 daAuts
     D:3: 742 daAuts
     D:5: 608 daAuts
     D:8: 530 daAuts
  Lair:2: 527 daAuts
     D:9: 526 daAuts
     D:2: 446 daAuts
  Lair:4: 390 daAuts
  Bailey: 188 daAuts
  Lair:1: 175 daAuts
